 Dungeon Crawl Stone Soup version 0.26-a0-652-gafc20e3620 (webtiles) character file.

Game seed: 4828346275921403837

79823 Ijustatesigmund the Demonic Aeon (level 15, -6/122 HPs)
             Began as a Demonspawn Fighter on Oct 1, 2020.
             Was the Champion of Cheibriados.
             Mangled by an orc warlord
             ... wielding a +0 great mace
              (57 damage)
             ... in a bailey.
             The game lasted 01:03:26 (26090 turns).

Ijustatesigmund the Demonic Aeon (DsFi)            Turns: 26090, Time: 01:03:27

Health: -6/122     AC: 19    Str: 34    XL:     15   Next: 22%
Magic:  26/26      EV: 22    Int: 28    God:    Cheibriados [******]
Gold:   1777       SH: 18    Dex: 37    Spells: 11/14 levels left

rFire    . . .     SeeInvis .   a - +4 war axe (flame)
rCold    + . .     Faith    .   c - +2 kite shield
rNeg     . . .     Spirit   .   E - +5 ring mail of Tugustut {rElec rCorr Str+3}
rPois    +         Reflect  .   (helmet restricted)
rElec    +         Harm     .   b - +1 cloak {rC+}
rCorr    +         Rampage  .   y - +0 pair of gloves "Hojeps" {rElec Slay+3} (curse)
MR       +....                  s - +0 pair of boots
Stlth    ++........             K - amulet of the acrobat
HPRegen  0.30/turn              J - +6 ring of dexterity
MPRegen  0.20/turn              B - ring of poison resistance

@: very slow
A: antennae 2, foul stench 2, spiny 2, rot immunity, sharp scales 3
a: Bend Time, Temporal Distortion, Slouch, Step From Time, Renounce Religion


You were in a bailey.
You worshipped Cheibriados.
Cheibriados was exalted by your worship.
You visited 4 branches of the dungeon, and saw 22 of its levels.
You also visited: Ossuary, Bailey and Ice Cave.

You collected 1777 gold pieces.

Inventory:

Hand Weapons
 a - a +4 war axe of flaming (weapon)
 p - a cursed +2 war axe
 O - the +6 demon blade of Gallantry {flame, rF+ rC+ Str+2 Int+3}
   (You found it in an ice cave)

   It has been specially enchanted to burn those struck by it, causing extra
   injury to most foes and up to half again as much damage against particularly
   susceptible opponents.
   Big, fiery blades are also staple armaments of hydra-hunters.
   It affects your strength (+2).
   It affects your intelligence (+3).
   It protects you from fire.
   It protects you from cold.
 P - a +0 broad axe
Armour
 b - a +1 cloak of cold resistance (worn)
 c - a +2 kite shield (worn)
 q - a +0 buckler of cold resistance
 s - a +0 pair of boots (worn)
 u - the +1 robe of the Sturgeon {+Fly rF++ Dex+5}
   (You found it on level 6 of the Dungeon)

   It affects your dexterity (+5).
   It greatly protects you from fire.
   It lets you fly.
 y - the cursed +0 pair of gloves "Hojeps" (worn) {rElec Slay+3}
   (You found it on level 13 of the Dungeon)

   It affects your accuracy and damage with ranged weapons and melee attacks
   (+3).
   It insulates you from electricity.
   It has a curse placed upon it.
 E - the +5 ring mail of Tugustut (worn) {rElec rCorr Str+3}
   (You found it on level 10 of the Dungeon)

   It affects your strength (+3).
   It insulates you from electricity.
   It provides partial protection from all sources of acid and corrosion.
 G - a +0 tower shield
Jewellery
 f - an uncursed ring of stealth
 i - an uncursed ring of protection from fire
 z - an uncursed ring of protection from magic
 B - a ring of poison resistance (right hand)
 D - an uncursed ring of ice
 J - a +6 ring of dexterity (left hand)
 K - an amulet of the acrobat (around neck)
Wands
 d - a wand of polymorph (15)
 F - a wand of digging (3)
 I - a wand of disintegration (17)
Scrolls
 g - 7 scrolls of identify
 j - 13 scrolls of remove curse
 k - 12 scrolls of teleportation
 l - 3 scrolls of magic mapping
 m - 7 scrolls of amnesia
 v - 8 scrolls of fear
 w - 4 scrolls of blinking
 H - 2 scrolls of immolation
 N - 3 scrolls of fog
 Q - a scroll of enchant weapon
Potions
 e - 12 potions of curing
 h - a potion of mutation
 n - 2 potions of resistance
 o - 4 potions of ambrosia
 r - 4 potions of stabbing
 t - 3 potions of flight
 x - 3 potions of cancellation
 A - 3 potions of magic
 C - 4 potions of brilliance
 L - a potion of lignification
 M - 4 potions of heal wounds


   Skills:
 + Level 12.4 Fighting
 + Level 11.6 Axes
 - Level 7.4 Armour
 - Level 8.9 Dodging
 - Level 10.4 Shields
 + Level 5.7 Translocations
 + Level 15.5 Invocations
 + Level 0.5 Evocations


You had 11 spell levels left.
You knew the following spells:

 Your Spells              Type           Power        Failure   Level
a - Magic Dart            Conj           #...         26%         1
b - Blink                 Tloc           N/A          3%          2

Your spell library contained the following spells:

 Spells                   Type           Power        Failure   Level
 Gell's Gravitas          Tloc           ####......   8%          3
 Shock                    Conj/Air       #...         26%         1
 Summon Small Mammal      Summ           #...         26%         1
 Call Imp                 Summ           #.......     36%         2
 Poisonous Vapours        Pois/Air       #.....       36%         2
 Slow                     Hex            #.......     36%         2
 Swiftness                Air            #.......     36%         2
 Call Canine Familiar     Summ           #.......     61%         3
 Confusing Touch          Hex            #.......     61%         3
 Conjure Flame            Conj/Fire      #.......     61%         3
 Ignite Poison            Fire/Tmut/Pois #.......     61%         3
 Mephitic Cloud           Conj/Pois/Air  #.......     61%         3
 Static Discharge         Conj/Air       #.......     61%         3
 Summon Guardian Golem    Hex/Summ       #.......     61%         3
 Airstrike                Air            #.........   95%         4
 Hailstorm                Conj/Ice       #.......     95%         4
 Petrify                  Tmut/Erth      #.......     95%         4
 Summon Ice Beast         Ice/Summ       #.......     95%         4
 Summon Lightning Spire   Summ/Air       #.......     95%         4
 Alistair's Intoxication  Tmut/Pois      #........    100%        5
 Lightning Bolt           Conj/Air       #.........   100%        5
 Metabolic Englaciation   Hex/Ice        #.........   100%        5
 Yara's Violent Unravell  Hex/Tmut       #.........   100%        5
 Freezing Cloud           Conj/Ice/Air   #.........   100%        6


Dungeon Overview and Level Annotations

Branches:
Dungeon (14/15)            Temple (1/1) D:6            Lair (6/6) D:10
 Shoals (0/4) Lair:2       Spider (0/4) Lair:2        Slime (0/5) Lair:6
    Orc (1/2) D:11         Vaults (0/5) D:14        Ossuary (visited)
 Bailey (1/1)               IceCv (visited)

Altars:
Ashenzari
Cheibriados
Dithmenos
Elyvilon
Fedhas
Gozag
Hepliaklqana
Kikubaaqudgha
Makhleb
Nemelex Xobeh
Okawaru
Qazlal
Ru
Sif Muna
Trog
Uskayaw
Vehumet
Wu Jian
Xom
Yredelemnul
Zin
The Shining One
Beogh

Shops:
Orc:1 (

Annotations:
D:12 3 runed translucent doors, lilly's ghost, journeyman MiMo


Innate Abilities, Weirdness & Mutations

You have a pair of antennae on your head.
You frequently emit foul miasma when damaged in melee.
You are mostly covered in sharp spines.
You are immune to rotting.
You are completely covered in razor-sharp scales. (AC +3, Slay +3)


Message History

The orc warlord is heavily wounded.
You slash the orc knight! You burn the orc knight. You slash the orc warrior!
You burn the orc warrior.
You kill the orc warrior!
Cheibriados thoroughly appreciates the change of pace.
The orc knight is engulfed in dark miasma.
The orc knight is poisoned.
You block the orc knight's attack. The orc warlord completely misses you.
You hit the orc warlord but do no damage.
The orc warlord is heavily wounded.
You hit the orc knight but do no damage.
You hit the goblin. You burn the goblin.
You kill the goblin!
Cheibriados appreciates the change of pace.
The orc knight is engulfed in dark miasma.
The orc knight looks even sicker.
The orc knight hits you with a +0 war axe!!
The orc knight looks sick.
The orc warlord hits you with a +0 great mace!!!
You die...

))).......#...........#
..).......#...........#
..)......###.........###
'#)....###.###.....#'#.###
.###.###
....###.###[)...### ...###
......###.........## ....#
......##8..........# ....#
......o#8..........# ....#
.....go@.....⌠....∩# ....#
......o#8..........# ....#
......##8..........#
...###
......###.........##
.###.###
....###.###.....###
'#.....###.###.....#'#.###
.........###.......))###
..........#...........#
..........#...........#


You could see an orc warlord (strong), an orc knight (strong, very poisoned,
sick), an orc warrior (strong) and a gnoll.

Vanquished Creatures
  Jorgrun (D:14)
  Agnes (D:14)
  Kirke (Lair:6)
  An orc warlord (Orc:1)
  Louise (D:14)
  A reaper (IceCv)
  A fire dragon (Lair:6)
  Fannar (D:11)
  5 hydras
  2 catoblepae
  A vault guard (D:14)
  A centaur warrior (D:13)
  2 tengu warriors
  9 death yaks
  4 two-headed ogres
  An orc high priest (Orc:1)
  Nergalle (Lair:2)
  Sonja (Lair:6)
  The ghost of fasse2k the Chiller, a novice GnIE (D:7)
  2 unseen horrors
  A swamp dragon (Lair:6)
  A lindwurm (Lair:5)
  A wolf spider zombie (D:14)
  2 oklob plants (Lair:1)
  2 cyclopes
  2 wolf spiders (Lair:6)
  7 ugly things
  A merfolk siren (Lair:2)
  2 ice statues (IceCv)
  9 black mambas
  A guardian serpent (Lair:6)
  9 elephants
  4 torpor snails
  Maggie (D:9)
  12 cane toads
  2 rime drakes
  9 ice devils
  3 komodo dragons
  4 trolls
  2 tengu conjurers
  4 slime creatures (D:14)
  Grinder (D:6)
  2 hornets (Lair:6)
  9 hippogriffs
  4 blink frogs (Lair:2)
  A redback (Lair:6)
  10 wyverns
  26 yaks
  3 wraiths
  9 humans (D:14)
  3 hogs (Lair:6)
  6 basilisks
  A steam dragon (Lair:6)
  2 wargs (Orc:1)
  Menkaure (D:6)
  5 acid dragons
  A soldier ant (D:12)
  28 water moccasins
  A swamp drake (Lair:6)
  11 porcupines
  An eye of draining (D:12)
  3 sky beasts
  24 orc warriors
  6 phantoms
  6 wolves (Lair:6)
  11 ogres
  17 centaurs
  11 crocodiles
  19 bullfrogs
  3 big kobolds
  2 scorpions
  13 killer bees
  8 wights
  5 spriggan skeletons (D:9)
  A troll skeleton (D:9)
  4 howler monkeys
  3 centaur zombies
  4 bullfrog zombies
  A quasit (D:8)
  6 hounds
  7 jellies
  12 orc priests
  3 centaur skeletons
  5 iguanas
  A bullfrog skeleton (D:4)
  15 orc wizards
  5 worker ants
  5 hound zombies (Ossuary)
  A hound skeleton (D:6)
  10 mummies (Ossuary)
  4 worker ant zombies (Ossuary)
  3 river rats (D:12)
  10 adders
  15 gnolls
  11 white imps
  10 ufetubi
  6 adder zombies (Ossuary)
  3 worms
  A dart slug (D:3)
  6 leopard geckos
  99 orcs
  5 giant cockroaches
  22 hobgoblins
  10 jackals
  22 kobolds
  6 quokkas
  A ball python (D:4)
  5 bats
  5 frilled lizards
  A giant cockroach zombie (Ossuary)
  21 goblins
  A jackal skeleton (D:7)
  A jackal zombie (Ossuary)
  2 leopard gecko zombies
  2 quokka zombies (Ossuary)
  3 rats
  2 bushes (Lair:6)
730 creatures vanquished.

Vanquished Creatures (others)
  2 humans (D:14)
  3 white imps (IceCv)
  4 ufetubi (IceCv)
  50 fungi
  126 plants
  5 withered plants (Ossuary)
190 creatures vanquished.

Grand Total: 920 creatures vanquished

Notes
Turn   | Place    | Note
-------+----------+-------------------------------------------
     0 | D:1      | Ijustatesigmund the Demonspawn Fighter began the quest for
                  | the Orb.
     0 | D:1      | Reached XP level 1. HP: 18/18 MP: 1/1
   198 | D:1      | Gained mutation: You are partially covered in razor-sharp
                  | scales. (AC +1, Slay +1) [demonic ancestry]
   198 | D:1      | Reached XP level 2. HP: 24/24 MP: 2/2
   789 | D:2      | Found an ornate altar of the Wu Jian Council.
   834 | D:2      | Reached skill level 1 in Dodging
   884 | D:2      | Gained mutation: You are partially covered in sharp spines.
                  | [demonic ancestry]
   884 | D:2      | Reached XP level 3. HP: 19/29 MP: 3/3
  1015 | D:2      | Found a sacrificial altar of Ru.
  1102 | D:2      | Found a stormy altar of Qazlal.
  1354 | D:2      | Found a glowing golden altar of the Shining One.
  1378 | D:2      | Found a basalt altar of Yredelemnul.
  1836 | D:3      | Reached XP level 4. HP: 35/35 MP: 4/4
  1882 | D:3      | Found a broken altar of Ashenzari.
  2626 | D:4      | Gained mutation: You are mostly covered in razor-sharp
                  | scales. (AC +2, Slay +2) [demonic ancestry]
  2626 | D:4      | Reached XP level 5. HP: 19/42 MP: 5/5
  2899 | D:4      | Noticed a phantom
  2917 | D:4      | Killed a phantom
  3011 | D:4      | Noticed a phantom
  3026 | D:4      | Killed a phantom
  3026 | D:4      | Gained mutation: You have a pair of small antennae on your
                  | head. [demonic ancestry]
  3026 | D:4      | Reached XP level 6. HP: 49/49 MP: 6/6
  3329 | D:5      | Entered Level 5 of the Dungeon
  3342 | D:5      | Reached skill level 5 in Axes
  3353 | D:5      | Gained mutation: You are immune to rotting. [demonic
                  | ancestry]
  3353 | D:5      | Reached XP level 7. HP: 55/55 MP: 7/7
  3459 | D:5      | Learned a level 1 spell: Magic Dart
  3462 | D:5      | Learned a level 2 spell: Blink
  3473 | D:5      | You fall into a shaft and drop 1 floor!
  3506 | D:6      | Reached skill level 5 in Fighting
  3558 | D:6      | Noticed Grinder
  3562 | D:6      | Paralysed by Grinder for 3 turns
  3578 | D:6      | Killed Grinder
  3578 | D:6      | Gained mutation: You have a pair of antennae on your head.
                  | [demonic ancestry]
  3578 | D:6      | Reached XP level 8. HP: 63/63 MP: 8/8
  3716 | D:6      | Got a ripped robe
  3733 | D:6      | Identified the +1 robe of the Sturgeon {+Fly rF++ Dex+5}
                  | (You found it on level 6 of the Dungeon)
  4764 | D:6      | Noticed Menkaure
  4768 | D:6      | Killed Menkaure
  4881 | D:6      | Found a staircase to the Ecumenical Temple.
  4887 | Temple   | Entered the Ecumenical Temple
  4944 | Temple   | Became a worshipper of Cheibriados the Contemplative
  5145 | D:7      | Found a runed translucent door.
  5155 | D:7      | Noticed fasse2k's ghost (novice GnIE)
  5176 | D:7      | Reached skill level 1 in Invocations
  5284 | D:7      | Reached skill level 2 in Invocations
  5284 | D:7      | Gained mutation: You may emit foul miasma when damaged in
                  | melee. [demonic ancestry]
  5284 | D:7      | Reached XP level 9. HP: 49/71 MP: 10/10
  5743 | D:7      | Reached * piety under Cheibriados
  5871 | D:8      | Reached skill level 3 in Invocations
  5910 | D:8      | Found a sand-covered staircase.
  5935 | Ossuary  | Entered an ossuary
  6226 | Ossuary  | Reached ** piety under Cheibriados
  6544 | Ossuary  | Reached skill level 4 in Invocations
  6660 | D:8      | Reached *** piety under Cheibriados
  6739 | D:8      | Found a shadowy altar of Dithmenos.
  6815 | D:8      | Found a sparkling altar of Nemelex Xobeh.
  7144 | D:8      | Reached skill level 5 in Invocations
  7373 | D:9      | Found a shadowy altar of Dithmenos.
  7373 | D:9      | Found a radiant altar of Vehumet.
  7374 | D:9      | Noticed a two-headed ogre
  7381 | D:9      | Killed a two-headed ogre
  7381 | D:9      | Reached XP level 10. HP: 47/79 MP: 12/14
  7609 | D:9      | You fall into a shaft and drop 3 floors!
  7616 | D:12     | Reached **** piety under Cheibriados
  7616 | D:12     | Reached skill level 5 in Shields
  7625 | D:12     | Reached skill level 6 in Invocations
  7627 | D:12     | Reached skill level 5 in Armour
  8013 | D:12     | Found a runed translucent gate.
  8013 | D:12     | Found a runed translucent gate.
  8014 | D:12     | Found a runed translucent gate.
  8331 | D:11     | Noticed Fannar
  8341 | D:11     | Killed Fannar
  8341 | D:11     | Reached skill level 7 in Invocations
  8416 | D:10     | Entered Level 10 of the Dungeon
  8426 | D:9      | Noticed a two-headed ogre
  8432 | D:9      | Killed a two-headed ogre
  8513 | D:9      | Noticed Maggie
  8528 | D:9      | Killed Maggie
  8599 | D:9      | Reached XP level 11. HP: 87/87 MP: 16/16
  8897 | D:9      | Killed an unseen horror
  9302 | D:9      | Reached ***** piety under Cheibriados
  9302 | D:9      | Reached skill level 8 in Invocations
  9418 | D:10     | Found a staircase to the Lair.
  9433 | D:10     | Got an ancient ring mail
  9444 | D:10     | Identified the +5 ring mail of Tugustut {rElec rCorr Str+3}
                  | (You found it on level 10 of the Dungeon)
  9677 | D:10     | Killed an unseen horror
  9976 | D:10     | Found a roughly hewn altar of Beogh.
 10436 | D:11     | Noticed a two-headed ogre
 10446 | D:11     | Killed a two-headed ogre
 10765 | D:11     | Noticed a green ugly thing
 10779 | D:11     | Killed a green ugly thing
 10904 | D:11     | Found a roughly hewn altar of Beogh.
 10908 | D:11     | Found a staircase to the Orcish Mines.
 10968 | D:11     | Noticed a brown ugly thing
 10974 | D:11     | Killed a brown ugly thing
 11367 | D:12     | Noticed a two-headed ogre
 11369 | D:12     | Reached skill level 9 in Invocations
 11427 | D:12     | Killed a two-headed ogre
 11627 | D:12     | Found a hide-covered altar of Uskayaw.
 11877 | D:12     | Noticed a ten-headed hydra
 11877 | D:12     | Noticed lilly's ghost (journeyman MiMo)
 12290 | D:7      | Killed fasse2k's ghost
 12691 | D:13     | Noticed a tengu warrior
 12737 | D:13     | Reached skill level 10 in Axes
 12741 | D:13     | Gained mutation: You are mostly covered in sharp spines.
                  | [demonic ancestry]
 12741 | D:13     | Reached XP level 12. HP: 70/97 MP: 19/19
 12820 | D:13     | Killed a tengu warrior
 13072 | D:13     | Reached skill level 1 in Translocations
 13072 | D:13     | Reached skill level 10 in Invocations
 13242 | D:13     | Noticed a centaur warrior
 13247 | D:13     | Noticed a five-headed hydra
 13252 | D:13     | Killed a centaur warrior
 13258 | D:13     | Killed a three-headed hydra
 13272 | D:13     | Got a pair of heavily runed gloves
 13278 | D:13     | Identified the cursed +0 pair of gloves "Hojeps" {rElec
                  | Slay+3} (You found it on level 13 of the Dungeon)
 13410 | D:13     | Noticed a centaur warrior
 13499 | D:13     | Reached skill level 11 in Invocations
 14092 | D:14     | Noticed Louise
 14093 | D:14     | Reached ****** piety under Cheibriados
 14108 | D:14     | Killed Louise
 14108 | D:14     | Reached skill level 5 in Translocations
 14108 | D:14     | Reached skill level 12 in Invocations
 14972 | D:14     | Noticed Agnes
 14987 | D:14     | Killed Agnes
 14987 | D:14     | Reached skill level 10 in Fighting
 14987 | D:14     | Reached skill level 5 in Dodging
 15318 | D:14     | Noticed a tengu warrior
 15324 | D:14     | Killed a tengu warrior
 15324 | D:14     | Gained mutation: You frequently emit foul miasma when
                  | damaged in melee. [demonic ancestry]
 15324 | D:14     | Reached XP level 13. HP: 86/103 MP: 22/22
 15437 | D:14     | Noticed Jorgrun
 15447 | D:14     | Killed Jorgrun
 15803 | D:14     | Reached skill level 13 in Invocations
 16012 | D:14     | Found a gate to the Vaults.
 16269 | Lair:1   | Entered Level 1 of the Lair of Beasts
 17026 | Lair:1   | Identified Byzi's Catalogue of the Snowflakes and
                  | Intoxication
 17365 | Lair:2   | Noticed Nergalle
 17385 | Lair:2   | Killed Nergalle
 17931 | Lair:2   | Found a staircase to the Shoals.
 17986 | Lair:2   | Found a hole to the Spider Nest.
 18893 | Lair:3   | Found a snail-covered altar of Cheibriados.
 18895 | Lair:3   | Reached skill level 14 in Invocations
 19723 | Lair:4   | Gained mutation: You are completely covered in razor-sharp
                  | scales. (AC +3, Slay +3) [demonic ancestry]
 19723 | Lair:4   | Reached XP level 14. HP: 103/113 MP: 24/24
 20572 | Lair:5   | Found a frozen archway.
 20590 | IceCv    | Entered an ice cave
 21032 | IceCv    | Noticed a reaper
 21043 | IceCv    | Killed a reaper
 21392 | IceCv    | Got a smoking silver ring
 21399 | IceCv    | Got a blackened demon blade
 21586 | IceCv    | Identified the +6 demon blade of Gallantry {flame, rF+ rC+
                  | Str+2 Int+3} (You found it in an ice cave)
 21642 | Lair:5   | Identified the ring "Mauma" {Int+4 Stlth-} (You found it in
                  | an ice cave)
 22545 | Lair:6   | Entered Level 6 of the Lair of Beasts
 23281 | Lair:6   | Noticed Sonja
 23282 | Lair:6   | Found a staircase to the Slime Pits.
 23285 | Lair:6   | Killed Sonja
 23469 | Lair:6   | Reached skill level 10 in Shields
 23469 | Lair:6   | Reached skill level 15 in Invocations
 23996 | Lair:6   | Noticed Kirke
 24008 | Lair:6   | Killed Kirke
 24402 | Lair:6   | Reached XP level 15. HP: 110/121 MP: 26/26
 25223 | Orc:1    | Entered Level 1 of the Orcish Mines
 25238 | Orc:1    | Noticed an orc warlord
 25260 | Orc:1    | Killed an orc warlord
 25569 | Orc:1    | Found Sovunik's Weapon Boutique.
 25579 | Orc:1    | Found a flagged portal.
 25592 | Bailey   | Entered a bailey
 26078 | Bailey   | Noticed an orc warlord
 26090 | Bailey   | Mangled by an orc warlord

Illustrated notes

Levels and vault maps discovered:
D:1:      scummos_arrival_hexagon, layout_rooms, skrybe_limestone_x,
          minivault_11
D:2:      layout_loops_ring, nicolae_overflow_quartered_altars,
          nicolae_qazlal_general_emergency, chequers_serial_rivers_small_3
D:3:      layout_loops_ring, evilmike_ruin_ashenzari
D:4:      layout_loops_ring
D:5:      layout_basic, moated_statue, minmay_strange_pillars,
          corexii_hall_statues_i, chequers_serial_rivers_small_a,
          minmay_misc_feat_encased
D:6:      layout_loops_ring, minmay_temple_entry_butterflies, uniq_menkaure,
          uniq_grinder
D:7:      layout_rooms, ebering_ghost_reflecting_pool,
          minmay_misc_feat_ornament, nrook_loot_triangle
D:8:      layout_basic, nemelex_xobeh_ov_fountains_minmay,
          lightli_ossuary_entry_decrepit_ruins,
          nicolae_dithmenos_through_a_glass_darkly
D:9:      layout_basic, amethyst_overflow_temple_binary,
          hangedman_tell_no_tales, uniq_maggie
D:10:     layout_roguey, dpeg_oklobed_lair, special_room [special_room_orc]
D:11:     layout_stronghold, david_orc_5, ebering_dispersal_statue_hall,
          uniq_fannar
D:12:     layout_basic, basic_altar, gammafunk_ghost_hydra_chop, pond
D:13:     layout_loops_ring
D:14:     layout_grid_maze, ximxim_vaults_locker_room, hangedman_decor_push,
          uniq_louise, uniq_jorgrun, uniq_agnes
Temple:   cyrus_circular_temple
Lair:1:   layout_gridlike, guppyfry_lair_drakes, grunt_megastairs_3,
          minmay_lair_oklob_chamber
Lair:2:   layout_regular_city, minmay_shoals_entry_lonely_mermaid,
          dummy_spider_entry, serial_bayou_shore_b, uniq_nergalle
Lair:3:   layout_chaotic_city, kennysheep_snail_temple
Lair:4:   layout_regular_city, chequers_serial_rivers_small_b,
          chequers_serial_rivers_small_3
Lair:5:   layout_long_grid, portal_ice_cave_demonic_guard
Lair:6:   hangedman_lair_tendril_chambers, layout_loops_ring,
          guppyfry_lair_end_dragon, slime_dummy, uniq_kirke, uniq_sonja
Orc:1:    layout_diamond_mine, enter_bailey_3, serial_shops, shop
Bailey:   bailey_axe_minmay_hex_keep, bailey

Skill      XL: |  1  2  3  4  5  6  7  8  9 10 11 12 13 14 |
---------------+-------------------------------------------+-----
Axes           | 2 3 4 5 6 7 8 9 10 11 | 11.6
Dodging        | 1 2 3 4 5 7 8 |  8.9
Fighting       | 4 5 6 7 8 9 10 11 12 | 12.4
Invocations    | 2 5 7 9 12 14 15 | 15.5
Armour         | 3 4 5 7 |  7.4
Shields        | 3 4 6 7 9 10 | 10.4
Translocations | 5 |  5.7
Evocations     | |  0.5

Action                   |  1- 3 |  4- 6 |  7- 9 | 10-12 | 13-15 || total
-------------------------+-------+-------+-------+-------+-------++-------
Melee: War axe           |    24 |       |       |   483 |   724 ||  1231
       Hand axe          |    75 |    89 |   372 |    22 |       ||   558
       Unarmed           |       |       |       |     8 |       ||     8
Invok: Slouch            |       |       |       |     6 |     3 ||     9
       Bend Time         |       |       |       |     1 |       ||     1
Evoke: Wand              |       |       |       |       |     7 ||     7
  Use: Scroll            |     6 |     4 |    16 |     5 |    11 ||    42
       Potion            |       |     1 |     3 |     6 |       ||    10
 Stab: Sleeping          |       |     1 |       |     4 |     5 ||    10
       Distracted        |       |       |     1 |     2 |     2 ||     5
       Petrified         |       |       |       |       |     8 ||     8
       Confused          |       |       |       |       |     1 ||     1
Armor: Scale mail        |    36 |    33 |    79 |       |       ||   148
       Chain mail        |       |       |    12 |    22 |       ||    34
       Ring mail         |       |       |       |   102 |   150 ||   252
       Acid dragon scale |       |       |       |    17 |       ||    17
       Skin              |       |       |       |     3 |       ||     3
Dodge: Dodged            |    25 |    16 |    91 |   207 |   365 ||   704
Block: Kite shield       |    38 |    41 |   153 |   320 |   595 ||  1147
       Buckler           |       |       |       |       |     9 ||     9

Table legend: (Time is in decaauts)
 A = Elapsed time spent in this place.
 B = Non-inter-level travel time spent in this place.
 C = Inter-level travel time spent in this place.
 D = Time resting spent in this place.
 E = Time spent auto-exploring this place.
 F = Levels seen in this place.
 G = Mean time per level.
                   A        B        C        D        E       F      G
               +--------+--------+--------+--------+--------+-----+--------+
         Total |  35244 |  33141 |   2103 |   6626 |  20556 |  25 | 1409.8 |
       Dungeon |  20287 |  18854 |   1433 |   3785 |  11869 |  14 | 1449.1 |
        Temple |     66 |     58 |      8 |      0 |     42 |   1 |   66.0 |
          Lair |  11985 |  11325 |    660 |   1725 |   8021 |   6 | 1997.5 |
  Orcish Mines |    158 |    158 |      0 |      0 |      0 |   1 |  158.0 |
       Ossuary |    753 |    753 |      0 |    237 |    255 |   1 |  753.0 |
        Bailey |    667 |    667 |      0 |    200 |    274 |   1 |  667.0 |
      Ice Cave |   1325 |   1325 |      0 |    678 |     94 |   1 | 1325.0 |
               +--------+--------+--------+--------+--------+-----+--------+

Top non-repeatable levels by time:
  Lair:6: 3216 daAuts
    D:14: 3084 daAuts
    D:11: 2635 daAuts
    D:12: 1886 daAuts
     D:9: 1880 daAuts
  Lair:5: 1850 daAuts
  Lair:2: 1842 daAuts
  Lair:4: 1765 daAuts
    D:13: 1716 daAuts
  Lair:3: 1711 daAuts
    D:10: 1666 daAuts
  Lair:1: 1599 daAuts
   IceCv: 1325 daAuts
     D:7: 1222 daAuts
     D:2: 1113 daAuts
